cohdb
Replays
Latest Replays
All Replays
Popular Replays
Top Player Replays
Match Explorer
How It Works
Community
CoH3 Stats
Reddit
Sign in to upload your games and track your stats! →
Sign in with Steam
Match 46267152
Unlisted
Match 46267152
Overview
Messages
Build Orders
End
Scout Squad
Selects Special Operations Battlegroup
Selects M29 Weasel Recon Vehicle
M29 Weasel Recon Vehicle
Engineer Squad
Construct Weapon Support Center
M1919 Machine Gun Team
M1919 Machine Gun Team
Infantry Support Center
M3 Armored Personnel Carrier
Selects Raiding Flares
Construct Medical Station
Bazooka Squad
Selects SSF Commando Squad
SSF Commando Squad
Advanced Logistics
SSF Commando Squad
Selects Mark Vehicle
SSF Commando Squad
Construct Tank Depot
Selects Air Re-supply Operation
Mark Vehicle
M4(105) Sherman Bulldozer
oziligath
⚓️Ruby⚓
0
0
Comments
sign in to comment!
No comments posted yet!